 Dungeon Crawl Stone Soup version 0.21.1 (webtiles) character file.

60 doot the Grasshopper (level 3, 0/24 HPs)
             Began as a Felid Warper on Feb 2, 2018.
             Succumbed to an adder's poison
             ... on level 1 of the Dungeon.
             The game lasted 00:03:26 (1359 turns).

doot the Grasshopper (Felid Warper)                 Turns: 1359, Time: 00:03:26

Health: 0/24       AC: 21    Str:  7    XL:     3   Next: 80%
Magic:  8/8        EV:  4    Int: 16    God:
Gold:   36         SH:  0    Dex: 16    Spells: 2/6 levels left
                                        Lives:  0   Deaths: 0

rFire    . . .     SeeInvis +     - Unarmed
rCold    . . .     Gourm    .   (shield unavailable)
rNeg     + + +     Faith    .   (armour unavailable)
rPois    +         Spirit   .   (helmet unavailable)
rElec    .         Reflect  .   (cloak unavailable)
rCorr    .         Harm     .   (gloves unavailable)
MR       .....     NoTele   +   (boots unavailable)
Stlth    ++........             (no amulet)
HPRegen  0.08/turn              (no ring)
MPRegen  0.11/turn              (no ring)

@: lethally poisoned (0 -> -1), tree-form, berserk cooldown, slowed, very slow
A: very small, no armour, no weapons or thrown items, stealth, see invisible,
carnivore, clever 1, high mp 1, slow metabolism 1
a: no special abilities


You were on level 1 of the Dungeon.
You were not hungry.
You were a tree.
You visited 1 branch of the dungeon, and saw 2 of its levels.

You collected 36 gold pieces.

Inventory:

Scrolls
 b - a scroll of blinking
 d - a scroll of enchant weapon {unknown}
 f - a scroll of fear {unknown}
 h - a scroll of identify {unknown}
 i - a scroll of immolation {unknown}
Potions
 j - a potion of berserk rage
Books
 a - a book of Spatial Translocations

   Spells                             Type                      Level
   a - Blink                          Translocation                2
   b - Shroud of Golubria             Charms/Translocation         2
   c - Lesser Beckoning               Translocation                3
   d - Gell's Gravitas                Translocation                3
   e - Teleport Other                 Translocation                3
   f - Passage of Golubria            Translocation                4
Comestibles
 c - 5 rations


   Skills:
 + Level 2.4 Fighting
 + Level 3.8 Dodging
 + Level 2.3 Stealth
 + Level 2.5 Unarmed Combat
 + Level 2.3 Spellcasting
 + Level 4.5 Translocations


You had 2 spell levels left.
You knew the following spells:

 Your Spells              Type           Power        Failure   Level  Hunger
a - Blink                 Tloc           N/A          4%          2    ###....
b - Shroud of Golubria    Chrm/Tloc      #.........   12%         2    ###....


Dungeon Overview and Level Annotations

Branches:
Dungeon (2/15)

Altars:


Innate Abilities, Weirdness & Mutations

You cannot wear armour.
You are incapable of wielding weapons or throwing items.
Your paws allow you to move quietly. (Stealth)
((You have sharp claws.))
((You have razor-sharp teeth.))
You have supernaturally acute eyesight. (SInv)
You are carnivorous and can eat meat at any time.
((You cover ground quickly.))
((You are covered in fur. (AC +1)))
You have a slow metabolism.
((Your sharp claws are effective at attacking unaware monsters.))
((You have a pair of small horns on your head.))
Your mind is acute. (Int +2)
You have an increased reservoir of magic. (+10% MP)


Message History

There is a stone staircase leading up here.
You feel a strong urge to attack something.
You climb upwards.
You are no longer berserk.
You are exhausted.
You feel yourself slow down.
There is a stone staircase leading down here.
It was a potion of lignification.
You turn into a tree.
Your roots penetrate the ground.
It was a potion of mutation.
You feel extremely strange.
You feel clever.
You feel more energetic. A pair of horns grows on your head!
* * * LOW HITPOINT WARNING * * *
You feel sick.
There is a lethal amount of poison in your body!
There is a lethal amount of poison in your body!
There is a lethal amount of poison in your body!
Unknown command.
* * * LOW HITPOINT WARNING * * *
You feel sick.
You die...

#...#.#.........##
#######...#............#
..........#............#
..........#.......÷....#
..........#.#..........#####
...........................#
........................##.#
........#...............##.#
........+.......♣.......##.#####
.......##................#.....#
.......##..............#.#####.#
.......##..............#.#####.#
...................##..........#
.........).........###.#......##
....#....................####.#
....#....##....#.........# #.#
....#....##....#.........# #.###


There were no monsters in sight!

Vanquished Creatures
  2 adders (D:2)
  2 dart slugs
  3 leopard geckos
  8 bats
  4 giant cockroaches (D:1)
  A goblin (D:1)
  3 hobgoblins (D:1)
  4 kobolds (D:1)
  7 rats
34 creatures vanquished.

Vanquished Creatures (others)
  A plant (D:1)
1 creature vanquished.

Grand Total: 35 creatures vanquished

Notes
Turn   | Place    | Note
-------+----------+-------------------------------------------
     0 | D:1      | doot the Felid Warper began the quest for the Orb.
     0 | D:1      | Reached XP level 1. HP: 9/9 MP: 4/4
   233 | D:1      | Reached XP level 2. HP: 11/13 MP: 6/6
   641 | D:1      | Learned a level 2 spell: Blink
   923 | D:1      | Learned a level 2 spell: Shroud of Golubria
  1079 | D:1      | Reached XP level 3. HP: 14/16 MP: 7/7
  1202 | D:1      | Reached skill level 1 in Stealth
  1354 | D:1      | Gained mutation: Your mind is acute. (Int +2) [potion of mutation]
  1354 | D:1      | Gained mutation: You have an increased reservoir of magic. (+10% MP) [potion of mutation]
  1354 | D:1      | Gained mutation: You have a pair of small horns on your head. [potion of mutation]
  1357 | D:1      | HP: 1/24 [poisoned by an adder]
  1359 | D:1      | Succumbed to an adder's poison

Skill      XL: |  1  2  3 |
---------------+----------+-----
Stealth        | 2 |  2.3
Fighting       | |  2.4
Dodging        | |  3.8
Unarmed Combat | |  2.5
Spellcasting   | |  2.3
Translocations | |  4.5

Action                   || total
-------------------------++-------
Melee: Unarmed           ||   142
       Bite              ||    14
       Punch             ||     2
 Cast: Blink             ||     2
  Use: Potion            ||     3
 Stab: Sleeping          ||     6
       Distracted        ||     1
  Eat: Chunk             ||     1
Armor: Skin              ||    12
Dodge: Dodged            ||   119
